AoeStats
← Fluvialgeomorphologist

Arena

506999011Analyzed
3v3 RM · 15d ago on Sep 16, 2026· 82m 39s· 6 players
Game mode
Random Map
Map size
Normal (6 player)
Population
200
Speed
Normal
Resources
Standard
Victory
Conquest
Starting age
Dark Age
Ending age
Imperial Age
RankedLock teamsTeams togetherTeam positionsShared explorationLock speedFull tech treeHidden civsTurbo modeCheats
Victory
Defeat
🇵🇪 Franks · Peru
940
+14
🇵🇪 Slavs · Peru
934
+14
🇵🇪 Portuguese · Peru
845
+17
🇺🇸 Koreans · United States
917
-16
🇺🇸 Malians · United States
884
-15
🇺🇸 Persians · United States
853
-14
Dinyo9507
11:01 Feudal Age
15:54 Castle Age
14:01 Double-Bit Axe
17:31 Loom
19:33 Wheelbarrow
18:45 Horse Collar
19:43 Bow Saw
20:51 Heavy Plow
20:47 Gold Mining
26:25 Scale Barding Armor
27:32 Ballistics
27:36 Hand Cart
27:28 Stone Mining
29:19 Stone Shaft Mining
29:04 Husbandry
34:25 Imperial Age
32:34 Forging
32:15 Fletching
34:06 Heavy Camel Rider
37:16 Two-Man Saw
37:02 Iron Casting
36:48 Chain Barding Armor
37:06 Crop Rotation
37:13 Gold Shaft Mining
37:06 Bodkin Arrow
37:12 Padded Archer Armor
36:40 Crossbowman
39:37 Plate Barding Armor
40:03 Blast Furnace
40:06 Elite War Elephant
41:02 Thumb Ring
41:15 Kamandaran
43:23 Citadels
43:47 Bloodlines
52:31 Coinage
52:04 Caravan
69:42 Capped Ram
71:51 Leather Archer Armor
74:58 Chemistry
73:56 Murder Holes
bgilly907
6:47 Loom
11:40 Feudal Age
12:24 Double-Bit Axe
17:25 Castle Age
19:46 Bow Saw
19:38 Horse Collar
27:24 Wheelbarrow
26:36 Town Watch
31:00 Hand Cart
35:16 Imperial Age
32:48 Murder Holes
35:04 Fletching
35:25 Thumb Ring
35:47 Ballistics
35:10 Pikeman
35:51 Squires
35:37 Arson
35:48 Heavy Cavalry Archer
38:35 Chemistry
38:49 Elite Fire Lancer
39:41 Gold Mining
39:42 Stone Mining
40:01 Town Patrol
40:52 Bodkin Arrow
56:19 Two-Man Saw
54:46 Light Cavalry
59:24 Hussar
69:28 Scale Mail Armor
69:39 Forging
Fluvialgeomorphologist
11:07 Feudal Age
9:23 Loom
12:15 Double-Bit Axe
13:02 Stone Mining
15:31 Castle Age
14:46 Horse Collar
16:28 Bow Saw
17:11 Horse Collar
20:56 Gold Mining
22:24 Wheelbarrow
23:04 Gold Shaft Mining
28:27 Imperial Age
26:48 Forging
26:43 Scale Barding Armor
27:54 Hand Cart
28:25 Bloodlines
28:20 Husbandry
29:21 Farimba
29:56 Heavy Camel Rider
30:02 Light Cavalry
32:23 Conscription
31:39 Man-at-Arms
32:20 Squires
33:39 Long Swordsman
35:38 Iron Casting
35:18 Town Watch
35:23 Two-Handed Swordsman
35:36 Cavalier
37:10 Town Patrol
37:37 Champion
41:44 Onager
45:06 Elite Gbeto
48:45 Murder Holes
49:11 Ballistics
49:51 Chemistry
51:42 Coinage
51:17 Pikeman
53:07 Caravan
53:39 Banking
53:45 Chain Barding Armor
53:25 Scale Mail Armor
53:26 Padded Archer Armor
53:16 Fletching
56:14 Heavy Plow
56:51 Capped Ram
69:54 Plate Barding Armor
69:35 Chain Mail Armor
69:17 Bodkin Arrow
Arctic Hunter
11:26 Feudal Age
14:40 Horse Collar
14:47 Double-Bit Axe
15:40 Scale Mail Armor
20:28 Castle Age
22:01 Bow Saw
22:03 Loom
24:46 Gold Mining
28:42 Imperial Age
27:26 Wheelbarrow
26:40 Town Watch
27:14 Heavy Plow
27:32 Stone Mining
28:13 Chain Mail Armor
28:40 Forging
30:10 Conscription
30:26 Hand Cart
30:56 Stone Shaft Mining
30:02 Pikeman
30:33 Elite Skirmisher
31:07 Fletching
32:30 Fortified Wall
33:34 Halberdier
36:32 Two-Man Saw
36:05 Crop Rotation
36:22 Town Patrol
37:33 Plate Mail Armor
38:08 Chemistry
39:42 Ballistics
39:24 Arquebus
42:11 Elite Organ Gun
44:26 Bodkin Arrow
44:32 Padded Archer Armor
61:26 Caravan
63:27 Iron Casting
67:59 Siege Engineers
81:55 Masonry
Fenstermacher
1:15 Loom
11:07 Feudal Age
11:47 Double-Bit Axe
18:36 Castle Age
16:47 Stone Mining
18:21 Town Watch
21:53 Bow Saw
22:02 Gold Mining
22:47 Scale Barding Armor
29:57 Imperial Age
28:04 Forging
28:46 Gold Shaft Mining
29:17 Wheelbarrow
28:56 Caravan
31:24 Fortified Wall
30:36 Cavalier
31:17 Husbandry
33:19 Conscription
34:14 Iron Casting
34:16 Pikeman
35:15 Hand Cart
35:05 Town Patrol
35:46 Halberdier
36:31 Scale Mail Armor
37:32 Blast Furnace
36:51 Heavy Scorpion
38:45 Arson
38:49 Gambesons
40:22 Hoardings
41:08 Chain Mail Armor
41:14 Chain Barding Armor
42:29 Siege Engineers
42:45 Ballistics
43:25 Chemistry
44:09 Paladin
46:51 Chivalry
47:22 Masonry
47:08 Murder Holes
61:46 Squires
63:44 Hoardings
64:42 Plate Barding Armor
64:37 Plate Mail Armor
68:53 Elite Throwing Axeman
68:59 Light Cavalry
Kawahara Sama
0:59 Loom
13:30 Feudal Age
13:56 Double-Bit Axe
15:32 Stone Mining
17:04 Horse Collar
21:09 Castle Age
19:56 Gold Mining
21:17 Fletching
22:19 Bodkin Arrow
22:37 Bow Saw
24:47 Fortified Wall
26:31 Gold Shaft Mining
26:05 Heavy Plow
26:19 Detinets
32:00 Imperial Age
32:20 Wheelbarrow
32:20 Scale Barding Armor
32:25 Forging
32:49 Masonry
32:36 Murder Holes
33:42 Chemistry
33:06 Conscription
33:05 Hand Cart
33:24 Crop Rotation
35:17 Two-Man Saw
34:52 Bloodlines
34:43 Husbandry
35:33 Caravan
36:14 Elite Boyar
37:55 Iron Casting
38:20 Hoardings
39:11 Chain Barding Armor
39:51 Blast Furnace
41:10 Plate Barding Armor
40:48 Town Watch
42:03 Ballistics
49:37 Druzhina
54:50 Town Patrol
58:31 Pikeman
59:14 Squires
59:19 Scale Mail Armor
60:30 Halberdier
81:49 Sappers
82:37 Siege Engineers
Connection lost

Rejoining the realm…

Still unreachable

The connection could not be restored.

Session expired

The server has moved on; the page needs a fresh start.